Map: Vigía EE

Players

TATORREA

  • Race: Protoss Protoss
  • League: Gold
  • Spawn Location: 5:00

MrFercho

  • Race: Zerg Zerg
  • League: Gold
  • Spawn Location: 5:00

tigro

  • Race: Terran Terran
  • League: Bronze
  • Spawn Location: 6:00

soulstealer

  • Race: Terran Terran
  • League: Gold
  • Spawn Location: 12:00

DRAGO

  • Race: Protoss Protoss
  • Spawn Location: 9:00

DARCKMASTERS

  • Race: Zerg Zerg
  • Spawn Location: 9:00

VOD

Have the link to the VOD?

Description

Time

  • Played on: Aug. 1, 2020, 10:54 p.m.
  • Length: 7:11
Show
View Real Time Build Order
Export as new Build Order

TATORREA Protoss 

Build Orders:  

Get SALT Encoding   

  12  0:05  Probe  
  13  0:17  Probe  
  14  0:25  Pylon  
  14  0:29  Probe  
  15  0:43  Probe  
  16  0:50  Gateway  
  16  0:55  Probe  
  17  1:01  Assimilator  
  17  1:07  Probe  
  18  1:19  Probe  
  19  1:33  Probe  
  20  1:45  Probe  
  20  1:47  Pylon  
  21  1:56  Cybernetics Core  
  21  1:58  Gateway  
  21  2:00  Gateway  
  21  2:01  Probe  
  22  2:09  Assimilator  
  22  2:13  Probe  
  22  2:17  Pylon  
  22  2:25  Probe  
  23  2:45  Nexus  
  23  2:53  Twilight Council  
  23  3:02  Warp Gate  
  23  3:05  Stalker  
  25  3:10  Zealot  
  27  3:13  Robotics Facility  
  27  3:16  Zealot  
  29  3:20  Probe  
  29  3:23  Charge (Chrono Boost)  
  30  3:33  Probe  
  31  3:38  Zealot  
  33  3:43  Zealot  
  33  3:45  Probe  
  36  3:56  Zealot  
  36  3:57  Probe  
  36  4:02  Probe  
  40  4:11  Probe  
  40  4:14  Probe  
  42  4:22  Warp Prism  
  42  4:23  Probe  
  45  4:26  Probe  
  46  4:35  Probe  
  46  4:38  Probe  
  48  4:43  Stargate  
  48  4:47  Gateway, Probe  
  48  4:50  Probe  
  50  4:55  Assimilator  
  50  4:58  Assimilator  
  51  5:00  Probe  
  51  5:02  Probe  
  52  5:12  Probe  
  53  5:14  Probe  
  54  5:35  Pylon  
  54  5:38  Pylon  
  54  5:43  Pylon  
  54  5:53  Pylon, Probe x2  
  54  5:55  Zealot x3  
  54  5:56  Fleet Beacon  
  54  5:57  Zealot  
  54  6:16  Zealot x3  
Show
View Real Time Build Order
Export as new Build Order

MrFercho Zerg 

Build Orders: Pool First 

Get SALT Encoding   

  12  0:20  Spawning Pool  
  11  0:23  Drone  
  11  0:28  Drone  
  13  0:37  Overlord  
  13  0:41  Drone  
  14  0:56  Drone x2  
  16  1:21  Drone  
  16  1:22  Drone  
  18  1:28  Hatchery  
  18  1:30  Overlord  
  17  1:39  Zergling x2  
  18  1:44  Extractor  
  17  1:52  Zergling x2  
  18  2:12  Drone  
  18  2:14  Drone  
  20  2:22  Queen  
  20  2:24  Drone  
  23  2:34  Zergling x2  
  24  2:41  Queen  
  24  2:43  Zergling x2  
  27  2:47  Zergling x2  
  28  2:52  Overlord  
  28  2:55  Drone  
  29  3:05  Zergling x4  
  31  3:13  Drone  
  31  3:16  Drone  
  31  3:18  Metabolic Boost  
  33  3:29  Zergling x2  
  33  3:30  Zergling x2  
  35  3:38  Drone x4  
  39  4:00  Zergling x2  
  39  4:01  Zergling x8  
  44  4:05  Overlord x2  
  41  4:33  Drone x5  
  46  4:47  Drone x2  
  46  4:48  Drone  
  49  4:53  Queen  
  51  5:06  Baneling Nest, Overlord x3  
  51  5:07  Overlord  
  50  5:18  Spore Crawler  
  50  5:19  Drone x2, Spore Crawler  
  50  5:20  Drone  
  50  5:21  Drone  
  52  5:25  Lair  
  52  5:31  Zergling x2  
  52  5:32  Zergling x6  
  45  6:06  Spore Crawler  
  45  6:08  Drone x2  
  45  6:09  Spore Crawler  
  45  6:14  Extractor  
  45  6:15  Drone x5  
  45  6:16  Drone  
  45  6:17  Extractor  
  49  6:23  Baneling x8  
  49  6:30  Hydralisk Den  
  48  6:44  Zergling x24  
Show
View Real Time Build Order
Export as new Build Order

tigro Terran 

Build Orders:  

Get SALT Encoding   

  12  0:13  Supply Depot, SCV  
  13  0:25  SCV  
  14  0:37  SCV  
  14  0:38  Barracks  
  15  0:49  SCV  
  16  0:50  Refinery  
  16  1:01  SCV  
  17  1:10  Supply Depot  
  17  1:13  SCV  
  18  1:25  SCV  
  18  1:26  Marine  
  20  1:43  Marine  
  21  1:56  Refinery  
  21  2:01  Marine  
  21  2:08  Engineering Bay  
  22  2:19  Marine  
  23  2:25  SCV  
  24  2:37  Marine, SCV  
  24  2:42  Factory  
  24  2:43  Terran Infantry Weapons Level 1  
  26  2:49  SCV  
  27  2:56  Barracks Tech Lab  
  27  3:01  SCV  
  28  3:14  Orbital Command  
  28  3:18  Combat Shield  
  28  3:23  Marine  
  29  3:28  Factory Tech Lab  
  29  3:40  Command Center, Marine  
  30  3:50  Siege Tank  
  33  3:58  Marine  
  34  4:16  Marine  
  35  4:22  Siege Tank  
  38  4:34  Marine  
  38  4:37  Terran Infantry Armor Level 1  
  39  4:52  Marine  
  40  4:54  Refinery  
  29  5:09  Marine  
  27  5:16  Missile Turret  
  27  5:22  Missile Turret  
  27  5:27  Marine  
  25  5:39  Missile Turret  
  23  5:44  Missile Turret  
  22  6:14  Factory Tech Lab  
  22  6:16  Barracks  
  22  6:28  Missile Turret  
  22  6:41  Missile Turret  
  22  7:04  Missile Turret  
  22  7:05  Barracks, Command Center  
Show
View Real Time Build Order
Export as new Build Order

soulstealer Terran 

Build Orders:  

Get SALT Encoding   

  12  0:01  SCV  
  13  0:13  SCV  
  14  0:18  Refinery  
  14  0:26  Supply Depot  
  14  0:31  SCV  
  15  0:57  Barracks  
  15  1:01  SCV  
  16  1:13  SCV  
  17  1:25  SCV  
  18  1:37  SCV  
  19  1:48  Marine  
  19  1:49  SCV  
  21  1:57  Supply Depot  
  21  2:01  SCV  
  21  2:02  Supply Depot  
  21  2:06  Marine  
  22  2:29  Supply Depot  
  22  2:30  Factory  
  22  2:49  Barracks Reactor  
  22  3:01  Supply Depot  
  22  3:02  Orbital Command  
  22  3:14  Command Center  
  22  3:15  Refinery  
  22  3:26  Supply Depot, Factory Tech Lab  
  22  3:30  Marine x2  
  24  3:48  Siege Tank  
  27  4:05  SCV  
  28  4:12  Refinery  
  28  4:17  Refinery, SCV  
  29  4:29  SCV  
  30  4:33  Siege Tank  
  30  4:36  Marine x2  
  35  4:41  SCV  
  36  4:55  SCV  
  37  5:05  Siege Tank  
  40  5:07  SCV  
  41  5:36  Marine x2  
  41  5:37  Siege Tank  
  44  5:54  Marine  
  45  6:38  Siege Tank  
  48  6:41  Marine  
  48  6:42  Marine  
Show
View Real Time Build Order
Export as new Build Order

DRAGO Protoss 

Build Orders:  

Get SALT Encoding   

  12  0:01  Probe (Chrono Boost)  
  13  0:11  Probe (Chrono Boost)  
  14  0:16  Probe (Chrono Boost)  
  15  0:25  Pylon  
  15  0:30  Assimilator  
  15  0:37  Assimilator  
  15  0:47  Gateway  
  15  0:56  Probe  
  16  1:08  Probe (Chrono Boost)  
  17  1:20  Probe (Chrono Boost)  
  17  1:23  Forge  
  18  1:27  Probe (Chrono Boost)  
  19  1:34  Probe  
  20  1:42  Cybernetics Core  
  20  2:00  Photon Cannon  
  20  2:19  Pylon  
  20  2:26  Stargate  
  20  2:42  Photon Cannon  
  20  2:57  Stargate  
  20  3:11  Void Ray (Chrono Boost)  
  24  3:42  Pylon  
  24  3:44  Void Ray (Chrono Boost)  
  28  3:59  Void Ray  
  32  4:22  Pylon  
  32  4:29  Void Ray  
  36  4:42  Void Ray  
  40  5:12  Void Ray  
  44  5:21  Pylon  
  44  5:23  Pylon  
  44  5:38  Void Ray (Chrono Boost)  
  52  6:02  Void Ray (Chrono Boost)  
Show
View Real Time Build Order
Export as new Build Order

DARCKMASTERS Zerg 

Build Orders: Pool First 

Get SALT Encoding   

  12  0:01  Drone  
  13  0:08  Drone  
  14  0:21  Overlord  
  14  0:46  Spawning Pool  
  14  0:49  Drone  
  15  0:50  Drone x2  
  16  1:14  Drone  
  16  1:15  Drone  
  18  1:27  Drone  
  18  1:31  Extractor  
  18  1:35  Zergling x2  
  19  1:46  Queen  
  21  1:49  Zergling x2  
  22  2:12  Hatchery  
  21  2:24  Queen, Roach Warren  
  21  2:27  Overlord x2  
  22  2:46  Extractor  
  22  2:47  Drone  
  22  2:48  Drone  
  23  2:57  Drone  
  23  2:58  Drone x3  
  27  3:12  Drone  
  28  3:31  Drone  
  29  3:44  Roach  
  31  3:49  Roach  
  31  3:54  Roach  
  31  3:55  Roach x4  
  43  4:00  Drone  
  43  4:01  Overlord x2  
  44  4:09  Extractor  
  43  4:14  Extractor  
  43  4:15  Drone x2  
  44  4:34  Roach x6  
  56  4:47  Lair  
  56  4:52  Drone  
Tags
 
Add a new tag
Caveats
  • Supply blocks, unpowered buildings, or Contaminate may cause inaccurate times.
  • Supply counts are checked every 10 seconds.